 Dungeon Sprint DCSS version 0.28.0 (webtiles) character file.

Game seed: 5170648382757624670

49 rocky1 the Poker (level 3, -12/36 HPs)
             Began as a Minotaur Gladiator on Feb 10, 2022.
             Mangled by a water elemental (16 damage)
             ... in the Dungeon (Sprint III: "The Ten Rune Challenge").
             The game lasted 00:00:59 (240 turns).

rocky1 the Poker (Minotaur Gladiator)                Turns: 240, Time: 00:01:00

Health: -12/36     AC:  3    Str: 20    XL:     3   Next: 53%
Magic:  2/2        EV: 13    Int:  5    God:
Gold:   19         SH:  0    Dex: 11    Spells: 2/2 levels left

rFire   . . .      SeeInvis .   a - +0 trident
rCold   . . .      Faith    .   (no shield)
rNeg    . . .      Spirit   .   b - +0 leather armour
rPois   .          Reflect  .   c - +0 hat
rElec   .          Harm     .   (no cloak)
rCorr   .          Rampage  .   (no gloves)
Will    .....      NoTele   +   (no boots)
Stlth   +.........              (no amulet)
HPRegen 0.12/turn               (no ring)
MPRegen 0.08/turn               (no ring)

@: engulfed (cannot breathe)
A: horns 2, retaliatory headbutt
a: no special abilities


You were in the Dungeon.
You visited 1 branch You collected 19 gold pieces.

Inventory:

Hand Weapons
 a - a +0 trident (weapon)
Missiles
 d - 3 throwing nets (quivered)
Armour
 b - a +0 leather armour (worn)
 c - a +0 hat (worn)
Scrolls
 j - a scroll of blinking
 k - a scroll of holy word {unknown}
 l - 3 scrolls of identify
 n - a scroll of torment {unknown}
Potions
 e - a potion of curing
 f - 2 potions of heal wounds
 g - a potion of haste
 h - 3 potions of magic
 i - a potion of berserk rage
 m - 6 potions of mutation
 o - 2 potions of flight


   Skills:
 + Level 5.3 Fighting
 + Level 6.1 Polearms
 - Level 2.0 Throwing
 + Level 5.5 Dodging


You had 2 spell levels left.
You didn't know any spells.
Your spell library was empty.

Dungeon Overview and Level Annotations

Branches:
Dungeon (1/1)

Altars:


Innate Abilities, Weirdness & Mutations

You have a pair of horns on your head.
You reflexively headbutt those who attack you in melee.


Message History

You reach to attack!
You hit the phantom.
The phantom is severely damaged.
You puncture the phantom!
You destroy the phantom!
No target in view!
No target in view!
You open the door.
Found 19 gold pieces and 2 potions of mutation.
There is an open door here.
You now have 7 gold pieces.
k - a scroll labelled YCRAESHRUELO;
l - 2 scrolls of identify
h - 3 potions of magic (gained 1)
Things that are here:
a potion of mutation; 2 potions of mutation
m - a potion of mutation;
m - 3 potions of mutation (gained 2)
m - 4 potions of mutation (gained 1);
n - a scroll labelled ZYWYUVV NADAUN
l - 3 scrolls of identify (gained 1);
m - 6 potions of mutation (gained 2)
o - 2 potions of flight You now have 19 gold pieces (gained 12).
There is an open door here.
You open the door.
A water elemental comes into view.
You reach to attack!
You hit the water elemental but do no damage.
You puncture the water elemental!
The water elemental is heavily damaged.
The water elemental hits you!!
Ouch! That really hurt!
The water elemental engulfs you in water!
You hit the water elemental. You headbutt the water elemental.
The water elemental is severely damaged.
Your lungs strain for air!
The water elemental hits you.
* * * LOW HITPOINT WARNING * * *
You barely miss the water elemental. You headbutt the water elemental.
The water elemental is severely damaged.
* * * LOW HITPOINT WARNING * * *
Your lungs strain for air!
The water elemental hits you!
You die...

▓▓▓▓▓▓▓▓ ▓▓▓ <..#...####
##.# ...#......#####..#
..##.......#..#..#
##.##.##...#..#..# #+#+#
##.##.###..##'#..#......
#.####.##..###..@E.⌠....
.###..##..####...#...###
#.....##..###....# ⌠.#
###..##)..##.....# .#
#..##....#......# #
#..###..##.#.....# #[.
#..#####....# ▓▓▓ ▓▓▓▓
▓▓▓▓▓▓


You could see a water elemental.

Vanquished Creatures
  Jessica (D)
  A human (D)
  A phantom (D)
  An endoplasm (D)
  2 rats (D)
6 creatures vanquished.

Notes
Turn   | Place    | Note
-------+----------+-------------------------------------------
     0 | D        | rocky1 the Minotaur Gladiator began the quest for the Orb.
     0 | D        | Reached XP level 1. HP: 18/18 MP: 0/0
    16 | D        | Reached skill level 4 in Polearms
    51 | D        | Noticed Jessica
    59 | D        | Killed Jessica
    60 | D        | Reached skill level 5 in Polearms
    60 | D        | Reached skill level 5 in Dodging
    60 | D        | Reached XP level 2. HP: 18/28 MP: 1/1
    60 | D        | Reached XP level 3. HP: 22/34 MP: 2/2
   181 | D        | Reached skill level 5 in Fighting
   181 | D        | Reached skill level 6 in Polearms
   236 | D        | Noticed a water elemental
   240 | D        | Mangled by a water elemental

Illustrated notes

Levels and vault maps discovered:
D:        dungeon_sprint_mu [sprint_mu_entry_cave, sprint_mu_temple_rooms,
          sprint_mu_d1_spiders, sprint_mu_d2_genie, sprint_mu_d3_branching,
          sprint_mu_orc_legion, sprint_mu_elf_gauntlet, sprint_mu_hive_nellie,
          sprint_mu_lair_fedhas, sprint_mu_vaults_butterflies,
          sprint_mu_slime_circle, sprint_mu_swamp_cave, sprint_mu_shoals_archi,
          sprint_mu_blade_basic, sprint_mu_crypt_fortress,
          sprint_mu_tomb_spiral, sprint_mu_vestibule_basic,
          sprint_mu_gehenna_hellfire, sprint_mu_dis_giant,
          sprint_mu_tartarus_statrot, sprint_mu_cocytus_islands, sprint_mu_zot1]

Skill      XL: |  1  2  3 |
---------------+----------+-----
Fighting       | 4 5 |  5.3
Polearms       | 5 6 |  6.1
Dodging        | 5 |  5.5
Throwing       | |  2.0

Action                   || total
-------------------------++-------
Melee: Trident           ||    24
       Headbutt          ||     5
 Stab: Sleeping          ||     1
Dodge: Dodged            ||     6
